cohdb
Replays
Latest Replays
All Replays
Popular Replays
Top Player Replays
Match Explorer
How It Works
Community
CoH3 Stats
Reddit
Sign in to upload your games and track your stats! →
Sign in with Steam
Match 38405021
Unlisted
Match 38405021
Overview
Messages
Build Orders
End
Construct Barracks
Riflemen Squad
Selects Armored Battlegroup
Selects Veteran Crews
Riflemen Squad
Riflemen Squad
Grenade Package
M1 Mortar Team
Construct Medical Station
Riflemen Squad
Mechanized Support Center
M1918 Browning Automatic Rifles
Selects Field Repairs
Riflemen Squad
Construct Motor Pool
M8 Greyhound Armored Car
M1 Anti-tank Gun Team
Selects War Machine
Engineer Squad
Construct Tank Depot
Selects Strength in Steel
Selects M8 Scott SPG
Selects UNKNOWN (2160077)
M4A3E8 Sherman Easy Eight
Riflemen Squad
Riflemen Squad
M4A3E8 Sherman Easy Eight
The Steak
Bjarkoov
BigTiddyLebron
KnJaz
0
0
Comments
sign in to comment!
No comments posted yet!